 Dungeon Crawl Stone Soup version 0.20-a0-1089-g3fde505 (webtiles) character file.

67 Gorice the Cutter (level 4, -11/37 HPs)
             Began as a Minotaur Enchanter on May 3, 2017.
             Mangled by a gnoll
             ... wielding a cursed +0 flail
              (13 damage)
             ... on level 1 of the Dungeon.
             The game lasted 00:07:59 (1885 turns).

Gorice the Cutter (Minotaur Enchanter)              Turns: 1885, Time: 00:08:01

Health: -11/37     AC:  2    Str: 13    XL:     4   Next: 0%
Magic:  5/5        EV: 12    Int: 12    God:
Gold:   88         SH:  0    Dex: 11    Spells: 4/5 levels left

rFire    . . .     SeeInvis .   b - +0 short sword
rCold    . . .     Gourm    .   (no shield)
rNeg     . . .     Faith    .   k - +0 robe
rPois    .         Spirit   .   (helmet restricted)
rElec    .         Reflect  .   (no cloak)
rCorr    .         Harm     .   (no gloves)
MR       .....                  (no boots)
Stlth    ++........             (no amulet)
Regen    0.2/turn               (no ring)
MPRegen  0.1/turn               (no ring)

@: no status effects
A: retaliatory headbutt, horns 2
a: no special abilities


You were on level 1 of the Dungeon.
You were not hungry.

You visited 1 branch of the dungeon, and saw 2 of its levels.

You collected 88 gold pieces.

Inventory:

Hand Weapons
 a - a +1 dagger
 b - a +0 short sword (weapon)
Missiles
 e - 15 bolts
 Z - 17 stones (quivered)
Armour
 h - a +0 shield
 k - a +0 robe (worn)
Scrolls
 f - a scroll of teleportation {unknown}
 g - a scroll of fog {unknown}
 j - a scroll of amnesia
Potions
 i - 2 potions of curing {unknown}
 l - 2 potions of brilliance {unknown}
Books
 c - a book of Maledictions
Comestibles
 d - 2 bread rations {!e}


   Skills:
 + Level 2.9 Fighting
 + Level 3.1 Short Blades
 - Level 2.1 Dodging
 - Level 2.4 Stealth
 - Level 1.3 Spellcasting
 - Level 2.0 Hexes


You had 4 spell levels left.
You knew the following spells:

 Your Spells              Type           Power        Failure   Level  Hunger
a - Corona                Hex            #......      13%         1    ##.....


Dungeon Overview and Level Annotations

Branches:
Dungeon (2/15)

Altars:
Ashenzari


Innate Abilities, Weirdness & Mutations

You reflexively headbutt those who attack you in melee.
You have a pair of horns on your head.


Message History

A worm comes into view.
Wield which item (- for none, * to show all)? (? for menu, Esc to quit)
a - a +1 dagger (weapon)
The gnoll shouts!
You hit the worm.
The worm is moderately wounded.
There is a stone staircase leading up here.
Wield which item (- for none, * to show all)? (? for menu, Esc to quit)
k - a +0 short sword (weapon)
Adjust (i)tems, (s)pells, or (a)bilities?
Adjust which item? (? for menu, Esc to quit)
k - a +0 short sword (weapon)
Adjust to which letter? (? for menu, Esc to quit)
b - a +0 short sword (weapon);
k - a +0 robe (worn)
Unknown command.
The gnoll barely misses you.
You climb upwards.
There is a stone staircase leading down here.
You barely miss the gnoll. You completely miss the gnoll.
The gnoll hits you with a flail.
Damage: 5 (max 5)
You hit the gnoll.
The gnoll is lightly wounded.
The gnoll hits you with a flail!
Damage: 7 (max 7)
You closely miss the gnoll.
The gnoll is lightly wounded.
The gnoll hits you but does no damage.
You hit the gnoll.
The gnoll is heavily wounded.
The gnoll hits you with a flail.
Damage: 4 (max 7)
You hit the gnoll but do no damage.
You headbutt the gnoll, but do no damage.
The gnoll is heavily wounded.
You barely miss the gnoll.
The gnoll is heavily wounded.
The gnoll hits you with a flail.
* * * LOW HITPOINT WARNING * * *
Damage: 5 (max 7)
You are too injured to fight recklessly!
You hit the gnoll. You headbutt the gnoll.
The gnoll is severely wounded.
The gnoll hits you with a flail!
* * * LOW HITPOINT WARNING * * *
Damage: 15 (max 15)
You closely miss the gnoll.
The gnoll is severely wounded.
The gnoll hits you with a flail!
You die...

#..# #. #..# #######
#..###...... #..##.......
#..##...)##.
#########..##.##+##.
#..........##.#..)#.
#..g.......##.+.<.#.
#..@.......####.).#.
#..........#####'##.
#..........##....##.
#...................
#..........#####.#..
#...........## #....
######............####...
#...##..........#.##.....
#...#########..##......#.


You could see a gnoll.

Vanquished Creatures
  A gnoll (D:2)
  An adder (D:2)
  2 dart slugs
  4 leopard geckos
  7 bats (D:1)
  A giant cockroach (D:2)
  7 goblins
  3 hobgoblins
  5 kobolds
  2 ball pythons (D:1)
  2 frilled lizards
  4 rats
39 creatures vanquished.

Notes
Turn   | Place    | Note
-------+----------+-------------------------------------------
     0 | D:1      | Gorice the Minotaur Enchanter began the quest for the Orb.
     0 | D:1      | Reached XP level 1. HP: 14/14 MP: 1/1
    54 | D:1      | HP: 3/15 [kobold/whip (2)]
   284 | D:1      | Reached skill level 1 in Fighting
   345 | D:1      | Reached XP level 2. HP: 21/23 MP: 3/3
   631 | D:1      | Reached skill level 2 in Fighting
   631 | D:1      | Reached skill level 2 in Short Blades
  1044 | D:1      | Reached XP level 3. HP: 26/29 MP: 4/4
  1319 | D:2      | Found a shattered altar of Ashenzari.
  1774 | D:2      | Reached skill level 3 in Short Blades
  1830 | D:1      | Reached XP level 4. HP: 37/37 MP: 5/5
  1884 | D:1      | HP: 2/37 [gnoll/flail (15)]
  1885 | D:1      | Mangled by a gnoll

Vault maps used:
D:1:      dpeg_arrival_tiny_g, hangedman_decor_lopped, minivault_11
D:2:      first_bread, ashenzari_altar_1

Skill      XL: |  1  2  3 |
---------------+----------+-----
Fighting       | 1 2 |  2.9
Short Blades   | 2 3 |  3.1
Dodging        | |  2.1
Stealth        | |  2.4
Spellcasting   | |  1.3
Hexes          | |  2.0

Action                   |  1- 3 |  4- 6 || total
-------------------------+-------+-------++-------
Melee: Dagger            |   110 |     1 ||   111
       Headbutt          |    14 |     2 ||    16
       Short sword       |     7 |     9 ||    16
Throw: Stone             |     6 |       ||     6
 Cast: Corona            |     4 |       ||     4
  Use: Scroll            |     2 |       ||     2
 Stab: Sleeping          |     1 |       ||     1
  Eat: Chunk             |     3 |       ||     3
Armor: Robe              |    25 |     1 ||    26
Dodge: Dodged            |    73 |     1 ||    74

Table legend:
 A = Turns spent in this place as a percentage of turns spent in the entire game.
 B = Non-inter-level travel turns spent in this place as a percentage of non-inter-level travel turns spent in the entire game.
 C = Inter-level travel turns spent in this place as a percentage of turns spent in this place.
 D = Turns resting spent in this place as a percentage of non-inter-level travel turns spent in this place.
 E = Turns spent auto-exploring this place as a percentage of non-inter-level travel turns spent in this place.
 F = Non-inter-level travel turns spent in this place divided by the number of levels of this place that you've seen.
                   A       B       C       D       E      F
               +-------+-------+-------+-------+-------+----------------------
         Total | 100.0 | 100.0 |   0.4 |   4.2 |   4.2 | 347.0
       Dungeon | 100.0 | 100.0 |   0.4 |   4.2 |   4.2 | 347.0
               +-------+-------+-------+-------+-------+----------------------

Vault maps used:
D:1:      dpeg_arrival_tiny_g, hangedman_decor_lopped, minivault_11
D:2:      first_bread, ashenzari_altar_1
